 Dungeon Crawl Stone Soup version 0.24.0-37-gcf1ca852f1 (webtiles) character file.

Game seed: 11768336003134295182, levelgen mode: deterministic

250 mahrnol the Insei (level 5, 0/40 HPs)
             Began as a Draconian Transmuter on Nov 28, 2019.
             Succumbed to a gnoll's poison
             ... on level 3 of the Dungeon.
             The game lasted 00:13:46 (2660 turns).

mahrnol the Insei (Draconian Transmuter)            Turns: 2660, Time: 00:13:46

Health: 0/40       AC:  5    Str: 14    XL:     5   Next: 88%
Magic:  9/9        EV: 13    Int: 14    God:
Gold:   109        SH:  0    Dex: 12    Spells: 7/10 levels left

rFire    . . .     SeeInvis .     - Unarmed
rCold    . . .     Gourm    .   (no shield)
rNeg     . . .     Faith    .   (armour unavailable)
rPois    .         Spirit   .   (helmet restricted)
rElec    .         Reflect  .   (no cloak)
rCorr    .         Harm     .   (no gloves)
MR       .....                  (no boots)
Stlth    ++........             (no amulet)
HPRegen  0.13/turn              v - +2 ring of strength
MPRegen  0.11/turn              (no ring)

@: lethally poisoned (0 -> -12)
A: unfitting armour, big wings, cold-blooded, MP-powered wands, AC +5
a: Fly


You were on level 3 of the Dungeon.
You were not hungry.

You visited 1 branch of the dungeon, and saw 4 of its levels.

You collected 109 gold pieces.

Inventory:

Hand Weapons
 r - a +0 hunting sling
 y - a +3 dagger of venom
 z - a +0 shortbow
Missiles
 a - 50 arrows
 g - 7 boomerangs (quivered)
 h - 114 stones
 k - 25 sling bullets
 q - 5 poisoned darts
 u - 17 bolts
Armour
 e - a +0 robe
Jewellery
 v - a +2 ring of strength (left hand)
Scrolls
 b - a scroll of amnesia {unknown}
 d - 2 scrolls of teleportation {unknown}
 i - 3 scrolls of identify {unknown}
 j - 2 scrolls of magic mapping {unknown}
 l - a scroll of fog {unknown}
 p - 2 scrolls of enchant armour {unknown}
 x - a scroll of remove curse {unknown}
 A - a scroll of random uselessness {unknown}
Potions
 f - 2 potions of flight
 t - a potion of agility
 w - a potion of haste
Comestibles
 c - 2 rations
 o - 7 chunks of flesh


   Skills:
 + Level 1.4 Fighting
 + Level 2.6 Dodging
 + Level 1.0 Stealth
 + Level 4.9 Unarmed Combat
 * Level 3.1 Spellcasting
 + Level 2.8 Transmutations


You had 7 spell levels left.
You knew the following spells:

 Your Spells              Type           Power        Failure   Level  Hunger
a - Beastly Appendage     Tmut           ##....       7%          1    #......
b - Sticks to Snakes      Tmut           ##......     10%         2    ##.....

Your spell library contained the following spells:

 Spells                   Type           Power        Failure   Level  Hunger
 Spider Form              Tmut/Pois      #.........   34%         3    ###....
 Ice Form                 Ice/Tmut       #.......     75%         4    #####..
 Blade Hands              Tmut           ##........   88%         5    ######.


Dungeon Overview and Level Annotations

Branches:
Dungeon (4/15)
 Temple: D:4-7

Altars:
Dithmenos
Ru
Uskayaw


Innate Abilities, Weirdness & Mutations

Your plain brown scales are hard. (AC +5)
You cannot fit into any form of body armour.
You are cold-blooded and may be slowed by cold attacks.
Your large and strong wings let you fly indefinitely.
You expend magic power (3 MP) to strengthen your wands.


Message History

* * * LOW HITPOINT WARNING * * *
You feel sick.
It was a potion of mutation.
You feel extremely strange.
Your wings grow larger and stronger.
You feel your magical essence link to the dungeon's wands.
* * * LOW HITPOINT WARNING * * *
You feel sick.
It was a potion of cancellation.
Your magical effects are unravelling.
You feel magically purged.
You feel yourself slow down.
You float gracefully downwards.
You feel a little less mighty now.
You feel a little less agile now.
* * * LOW HITPOINT WARNING * * *
You feel sick.
There is a lethal amount of poison in your body!
You eat one of the 3 rations.
That ration really hit the spot!
* * * LOW HITPOINT WARNING * * *
You feel sick.
You die...

#....# #..÷...# #
#..### #......# #
#.###..# #......# #
#......# #......# #
######÷# #......# #
#)# ######## #
##.#############
#....#.........#
#..#@###.#####.####
#........# #<...# #
#.##.#########.##.# #
#.#..#..........# ..#
#.#.............# .#
#..###.#######.## #
#...............# #
##......#########.###
.....#.#...# #....


There were no monsters in sight!

Vanquished Creatures
  A centaur (D:3)
  2 orc priests (D:3)
  3 gnolls (D:3)
  3 adders
  A worm (D:2)
  2 dart slugs (D:1)
  A leopard gecko (D:2)
  4 orcs (D:3)
  2 giant cockroaches
  3 goblins (D:1)
  4 hobgoblins
  A quokka (D:3)
  8 bats
  5 frilled lizards
  9 kobolds
  7 rats
  A plant (D:1)
57 creatures vanquished.

Notes
Turn   | Place    | Note
-------+----------+-------------------------------------------
     0 | D:1      | mahrnol the Draconian Transmuter began the quest for the
                  | Orb.
     0 | D:1      | Reached XP level 1. HP: 16/16 MP: 3/3
   141 | D:1      | Reached XP level 2. HP: 14/23 MP: 5/5
   145 | D:1      | Learned a level 2 spell: Sticks to Snakes
  1038 | D:2      | Reached XP level 3. HP: 12/28 MP: 4/6
  1369 | D:2      | Found a shadowy altar of Dithmenos.
  1455 | D:2      | Found a sacrificial altar of Ru.
  1455 | D:2      | Found a hide-covered altar of Uskayaw.
  1943 | D:4      | Noticed an ogre
  1967 | D:3      | Reached XP level 4. HP: 11/35 MP: 8/8
  2473 | D:3      | Reached skill level 4 in Unarmed Combat
  2491 | D:3      | Reached XP level 5. HP: 25/40 MP: 9/9
  2591 | D:3      | Noticed a centaur
  2600 | D:3      | Killed a centaur
  2600 | D:3      | Reached skill level 1 in Stealth
  2657 | D:3      | Gained mutation: Your large and strong wings let you fly
                  | indefinitely. [potion of mutation]
  2657 | D:3      | Gained mutation: You expend magic power (3 MP) to
                  | strengthen your wands. [potion of mutation]
  2658 | D:3      | HP: 2/40 [poisoned by a gnoll]
  2660 | D:3      | Succumbed to a gnoll's poison

Levels and vault maps discovered:
D:1:      mrwooster_arrival_statue_3, layout_basic, serial_bayou,
          serial_bayou_ford_a, serial_bayou_shore_b, serial_bayou_pond_b,
          serial_bayou_lagoon_a
D:2:      layout_basic, gammafunk_temple_overflow_elements,
          nicolae_dithmenos_shadow_blocks
D:3:      layout_basic, first_ration
D:4:      layout_basic, serial_shops, nicolae_shop_waterfront, shop_scrolls,
          shop_fountains, uniq_robin, uniq_duvessa

Skill      XL: |  1  2  3  4  5 |
---------------+----------------+-----
Dodging        | 2 |  2.6
Unarmed Combat | 4 |  4.9
Stealth        | 1 |  1.0
Spellcasting   | 3 |  3.1
Fighting       | |  1.4
Transmutations | |  2.8

Action                   |  1- 3 |  4- 6 || total
-------------------------+-------+-------++-------
Melee: Unarmed           |   199 |    60 ||   259
       Tailslap          |    26 |     8 ||    34
       Kick              |     9 |     4 ||    13
       Punch             |     4 |       ||     4
       Headbutt          |       |     2 ||     2
 Cast: Beastly Appendage |     9 |     4 ||    13
  Use: Potion            |       |     6 ||     6
 Stab: Sleeping          |     2 |       ||     2
  Eat: Chunk             |     4 |     2 ||     6
       Ration            |       |     1 ||     1
Armor: Skin              |    49 |    15 ||    64
Dodge: Dodged            |    92 |    42 ||   134
